Cogmind - Beta 16 @@@ ROGUE MODE // 2025.12.26 @ 10:26:20 Player: shapeshifter Result: Destroyed by S0-NRS(g) with Salvaging Laser Performance ------------- Evolutions (2) 1000 Regions Visited (7) 1400 Robots Destroyed (129) 645 Value Destroyed (3563) 3563 Prototype IDs (15) 300 Alien Tech Used (0) 0 Bonus (1462) 1462 TOTAL SCORE: 8370 Bonus ------- High Alert Combat Kills 22 Follower Combat Kills 640 Registered with UFD 300 Met Optimus in HQ 500 Cogmind --------- Core Integrity 0/550 Matter 275/300 Energy 340/340 System Corruption 0% Temperature Warning (304) Movement Core (1800) Ox35 Location -8/Scraptown Parts ------- > --- POWER (1) -------- Graviton Reactor > --- PROPULSION (3) --- (None) > --- UTILITY (5) ------ Huge Storage Unit Scrapoid Pod > --- WEAPON (2) ------- Overtuned Coil Gun > --- INVENTORY (25) --- Graviton Reactor Matter Compressor (250) Deep Structural Scanner Experimental Sensor Array Active Sensor Suite Surveybot 17 Chip Advanced Weapon Cycler Graphene Brace Graphene Brace A0-MCA's Component Scanner Plasma Cutter CPS Tube (2) CPS Tube (2) PL-3XN's Ring of Power Peak State ------------ > --- POWER ------------ Graviton Reactor > --- PROPULSION ------- Advanced Treads Overtuned Treads Improved Medium Treads > --- UTILITY ---------- Scrap Suit Improved Heat Sink Huge Storage Unit Precision Matter Filter > --- WEAPON ----------- Helical Railgun Helical Railgun > --- INVENTORY -------- Graviton Reactor Matter Compressor Deep Structural Scanner Experimental Sensor Array Active Sensor Suite Surveybot 17 Chip Advanced Weapon Cycler Graphene Brace Graphene Brace A0-MCA's Component Scanner High-powered Tractor Beam Scrapoid Pod Overtuned Coil Gun Plasma Cutter CPS Tube CPS Tube PL-3XN's Ring of Power [Rating: 69] Favorites ----------- Power Heavy Ion Engine Engine Heavy Ion Engine Power Core Light Nuclear Core Reactor Graviton Reactor Propulsion Light Treads Treads Light Treads Flight Unit Improved Flight Unit Utility Advanced Targeting Computer Device Improved Heat Sink Storage Huge Storage Unit Processor Advanced Targeting Computer Hackware Hacking Suite Protection Medium Armor Plating Weapon Assault Cannon Energy Cannon Advanced Beam Cannon Ballistic Gun Assault Rifle Ballistic Cannon Assault Cannon Special Weapon CPS Tube Build | -11 -10 -10 -9 -8 -8 -8 -8 ------- Run | Yrd Mat Min Mat Mat Sto Rec Scr Slots Evolved 4 | . . . 2 2 . . . Power . | . . . . . . . . Propulsion 1 | . . . . 1 . . . Utility 3 | . . . 2 1 . . . Weapon . | . . . . . . . . Parts Attached 79 | 7 5 . 17 20 8 4 18 Power 6 | 1 . . 2 . 2 . 1 Engine 4 | 1 . . 1 . 2 . . Core 1 | . . . 1 . . . . Reactor 1 | . . . . . . . 1 Propulsion 19 | 2 . . 5 5 3 1 3 Treads 18 | 2 . . 4 5 3 1 3 Leg . | . . . . . . . . Wheel . | . . . . . . . . Hover . | . . . . . . . . Flight 1 | . . . 1 . . . . Utility 32 | 2 3 . 7 10 . 3 7 Device 8 | 1 1 . . 2 . . 4 Storage 4 | 1 1 . 1 . . . 1 Processor 7 | . . . 4 2 . . 1 Hackware 1 | . . . . . . 1 . Protection 12 | . 1 . 2 6 . 2 1 Artifact . | . . . . . . . . Weapon 22 | 2 2 . 3 5 3 . 7 Energy Gun . | . . . . . . . . Energy Cannon 5 | . . . 1 4 . . . Ballistic Gun 7 | 2 . . . 1 1 . 3 Ballistic Cannon 9 | . 2 . 2 . 2 . 3 Launcher . | . . . . . . . . Special Weapon 1 | . . . . . . . 1 Impact Weapon . | . . . . . . . . Slashing Weapon . | . . . . . . . . Piercing Weapon . | . . . . . . . . Special Melee Weapon . | . . . . . . . . Unidentified Prototypes 9 | . . . 3 . 2 . 4 Parts Lost 24 | . . . 5 7 . . 12 Power . | . . . . . . . . Propulsion 7 | . . . 2 1 . . 4 Utility 8 | . . . 1 3 . . 4 Weapon 9 | . . . 2 3 . . 4 Highest Loss Streak 12 | . . . 3 4 . . 12 To Critical Strikes . | . . . . . . . . Average Backups 20 | 4 14 15 17 24 24 24 20 Power . | . . . 1 . . . . Propulsion 3 | 1 . . 5 9 5 4 1 Utility 9 | 1 7 8 7 11 11 11 10 Weapon 4 | . 5 5 1 1 5 8 6 Tool/Special . | . . . . . . . . Unused Backups 72 | . 5 . 13 8 6 1 39 Power 2 | . . . 1 . . . 1 Propulsion 14 | . 2 . . 4 3 . 5 Utility 40 | . 1 . 8 4 3 1 23 Weapon 11 | . 2 . 3 . . . 6 Tool/Special 5 | . . . 1 . . . 4 Average Slot Usage (%) 94 | . 99 100 98 95 89 95 89 Engine 8 | . 14 14 2 9 9 9 8 Core 1 | . . . 8 . . . . Treads 26 | . 28 28 21 26 27 27 26 Device 5 | . 1 . . 3 9 2 12 Storage 10 | . 14 14 11 9 9 9 8 Processor 11 | . . . 21 20 9 9 8 Hackware 1 | . . . . . . 6 2 Protection 8 | . 12 14 10 9 9 13 4 Energy Cannon 1 | . . . . 9 3 . . Ballistic Cannon 17 | . 26 28 21 8 13 18 17 Peak Build Rating 69 | 7 13 13 24 38 43 41 69 Average Rating 31 | 6 12 13 20 32 40 39 43 On Entrance 21 | . 7 13 13 24 38 41 39 Avg Prop Armor Cover (%) 28 | . . . . . . . 28 Naked Turns . | . . . . . . . . Heaviest Build 120 | 15 40 40 103 119 119 119 120 Greatest Support 73 | 40 40 40 40 62 66 66 73 Greatest Overweight (x) 2 | . . . 2 2 1 1 2 Average Overweight (x) . | . . . . 1 1 1 . Largest Inventory Capacity 25 | 8 15 15 25 25 25 25 25 Average Capacity 21 | 7 14 15 20 25 25 25 23 Most Carried 25 | 6 15 15 25 25 25 25 25 Average Carried 20 | 4 14 15 17 24 24 24 21 Final Capacity 25 | 8 15 15 25 25 25 25 25 Final Carried 25 | 5 15 15 25 25 25 25 25 Scrap Suit Usage (%) 1 | . . . . . . . 1 Class Distribution -------------------- 71% | Mutant 21% | Scrapper 5% | Commander-Mutant Dominant Class ---------------- Mutant | -10/Materials Mutant | -10/Mines Mutant | -9/Materials Mutant | -8/Materials Commander-Mutant | -8/Storage Mutant | -8/Recycling Scrapper | -8/Scraptown Resources | -11 -10 -10 -9 -8 -8 -8 -8 ----------- Run | Yrd Mat Min Mat Mat Sto Rec Scr Matter Collected 3505 | 384 296 188 497 747 230 55 1108 Remotely 131 | . . . . . . . 131 Salvage Created 3726 | 193 335 57 549 1428 366 125 673 Parts 258 | 28 29 15 41 82 21 10 32 Haulers Intercepted 10 | . . . 3 3 4 . . Recyclers Shooed 1 | 1 . . . . . . . Parts Field Recycled . | . . . . . . . . Retrieved Matter . | . . . . . . . . Parts Self-Destructed . | . . . . . . . . Prevented . | . . . . . . . . Parts Restored . | . . . . . . . . Kills | -11 -10 -10 -9 -8 -8 -8 -8 ------- Run | Yrd Mat Min Mat Mat Sto Rec Scr Combat Hostiles Destroyed 83 | . 14 6 14 28 4 3 14 Guns 1 | . . . . . . . 1 Cannons 80 | . 14 6 14 26 4 3 13 AOE 1 | . . . . 1 . . . Classes Destroyed 17 | 2 4 . 3 4 . . 4 Worker 6 | 1 2 . 1 2 . . . Builder 1 | . . . . 1 . . . Tunneler 11 | 9 . 1 1 . . . . Hauler 10 | . . . 3 3 4 . . Recycler 3 | . 1 . . 2 . . . Operator 3 | . . . 2 . 1 . . Watcher 12 | . 3 . 3 5 1 . . Swarmer 21 | . 9 6 3 3 . . . Grunt 27 | . 5 . 7 14 1 . . Sentry 16 | . . . 4 6 3 3 . Specialist 2 | . . . . 2 . . . Hunter 2 | . . . . 2 . . . Heavy 1 | . . . . 1 . . . Federalist 4 | . . . . . . . 4 Ranger 1 | . . . . . . . 1 Guru 2 | . . . . . . . 2 Scrapper 7 | . . . . . . . 7 Best Kill Streak 9 | 3 9 3 5 4 2 1 4 Combat Bots Only 5 | . 5 3 3 3 1 1 4 Max Kills in Single Turn 2 | 1 2 1 2 2 1 1 1 Gunslinging . | . . . . . . . . Exploded 1 | . . . . 1 . . . Melee . | . . . . . . . . Uniques/NPCs Destroyed . | . . . . . . . . Combat | -11 -10 -10 -9 -8 -8 -8 -8 -------- Run | Yrd Mat Min Mat Mat Sto Rec Scr Hostile Shots Fired 564 | . 59 17 63 212 20 2 191 Missed 157 | . 23 3 15 66 6 . 44 Hits 407 | . 36 14 48 146 14 2 147 Projectile 407 | . 36 14 48 146 14 2 147 Critical Strikes 21 | . . . . 8 3 1 9 Damage Taken 6125 | . 312 116 590 2510 243 31 2323 Core 650 | . 33 . 63 288 15 . 251 Absorbed by Shields . | . . . . . . . . Core Remaining (%) 90 | 100 . 86 84 . . . . Volleys Fired 309 | 19 42 11 49 122 20 4 42 Largest 2 | 2 2 2 2 2 2 2 2 Hottest 136 | 40 66 66 66 136 128 74 82 Shots Fired 593 | 38 84 22 96 223 40 8 82 Gun 48 | 38 . . . . . . 10 Cannon 545 | . 84 22 96 223 40 8 72 Launcher . | . . . . . . . . Special . | . . . . . . . . Kinetic 473 | 38 84 22 96 115 28 8 82 Thermal 81 | . . . . 69 12 . . Explosive . | . . . . . . . . Electromagnetic 39 | . . . . 39 . . . Robot Hit Streak 47 | 7 4 6 13 43 47 8 5 Robot Miss Streak 7 | 3 7 3 1 3 2 . 4 Penetration Max . | . . . . . . . . Secondary Targets . | . . . . . . . . Shots Hit Robots 386 | 22 35 11 63 185 20 7 43 Core Hits 158 | 11 20 7 25 65 10 3 17 Critical Kills 1 | . . . . . 1 . . Critical Parts Destroyed . | . . . . . . . . Critical Strikes 16 | . 1 . 4 7 1 . 3 Meltdown 1 | . . . . . 1 . . Blast 15 | . 1 . 4 7 . . 3 Melee Attacks . | . . . . . . . . Impact . | . . . . . . . . Slashing . | . . . . . . . . Piercing . | . . . . . . . . Sneak Attacks . | . . . . . . . . Combat Hostiles . | . . . . . . . . Follow-up Attacks . | . . . . . . . . Damage Inflicted 8808 | 280 944 223 1434 4117 494 175 1141 Guns 490 | 280 . . . . . . 210 Cannons 8263 | . 944 223 1434 4062 494 175 931 Explosions 45 | . . . . 45 . . . Melee . | . . . . . . . . Ramming 10 | . . . . 10 . . . Kinetic 6681 | 280 944 223 1434 2072 412 175 1141 Thermal 1294 | . . . . 1212 82 . . Explosive . | . . . . . . . . Electromagnetic 823 | . . . . 823 . . . Impact . | . . . . . . . . Slashing . | . . . . . . . . Piercing . | . . . . . . . . Highest Corruption . | . . . . . . . . Average Corruption . | . . . . . . . . Corruption Purged . | . . . . . . . . Corruption Blocked . | . . . . . . . . Overload Shots . | . . . . . . . . Overflow Damage 112 | . 18 . 24 44 . . 26 Projectiles 112 | . 18 . 24 44 . . 26 Explosions . | . . . . . . . . Melee . | . . . . . . . . Knockbacks 48 | . 9 2 4 25 3 . 5 Impact . | . . . . . . . . Kinetic 46 | . 9 2 4 24 3 . 4 Secondary 2 | . . . . 1 . . 1 Self-Inflicted Damage 30 | . . . . 30 . . . Shots 1 | . . . . 1 . . . Rammed 1 | . . . . 1 . . . Targets Rammed 1 | . . . . 1 . . . Kicked . | . . . . . . . . Crushed . | . . . . . . . . Highest Temperature 469 | . 204 75 135 356 30 81 469 Average Temperature 79 | . 58 28 39 92 12 50 172 Received Heat Transfer 2718 | . 57 . 231 873 171 27 1359 Effects 9 | . . . . 5 . . 4 Shutdowns 1 | . . . . . . . 1 Energy Bleed 2 | . . . . 2 . . . Interference 5 | . . . . 3 . . 2 Short Circuit 1 | . . . . . . . 1 Siege Activations . | . . . . . . . . Martial Activations . | . . . . . . . . Shielding Activations . | . . . . . . . . Robots Disrupted . | . . . . . . . . Combat Hostiles . | . . . . . . . . Robots Corrupted 1 | . . . . 1 . . . Combat Hostiles 1 | . . . . 1 . . . Parts Fried 5 | . . . . 5 . . . Impact Corruptions 1 | . . . 1 . . . . Robots Melted 1 | . . . . . 1 . . Combat Hostiles . | . . . . . . . . Parts Melted 4 | . . . . 1 1 . 2 Heat Transferred 2307 | . . . . 2159 148 . . Parts Sabotaged . | . . . . . . . . Parts Stolen . | . . . . . . . . Parts Stripped . | . . . . . . . . Power Chain Reactions 1 | . . . . 1 . . . Alert | -11 -10 -10 -9 -8 -8 -8 -8 ------- Run | Yrd Mat Min Mat Mat Sto Rec Scr Maximum Alert Level 2 | . . . 1 2 2 1 . Low Security (%) 70 | 100 100 100 51 45 45 99 . Level 1 25 | . . . 48 44 41 . . Level 2 3 | . . . . 9 13 . . Level 3 . | . . . . . . . . Level 4 . | . . . . . . . . Level 5 . | . . . . . . . . High Security . | . . . . . . . . Max Security . | . . . . . . . . Peak Influence 455 | 10 160 65 292 420 455 198 . Initial 169 | . . . . 1 169 164 . Average 122 | 1 65 13 137 183 234 76 . Influence Increases 3610 | 50 412 160 798 1028 821 341 . Destroy 0b10 Robot/C 1820 | . 280 120 460 560 340 60 . Destroy 0b10 Robot/NC 235 | 50 30 5 55 65 30 . . Destroy Leader 464 | . 56 20 142 146 100 . . Allied During Kill 216 | . . . 55 . 152 9 . Successful Hack 92 | . 22 . 23 7 9 31 . Select Force Hacks 240 | . . . . . . 240 . Disable Machine 120 | . 15 . 45 30 30 . . Anti-Garrison Action 150 | . . . . . 150 . . Destroy Structure 33 | . 9 . 3 10 10 1 . Lose Combat Pursuer 240 | . . 15 15 210 . . . Influence Decreases 3610 | 50 411 161 793 631 801 734 29 Entered New Map 525 | . . 1 . 4 233 258 29 Time Decay 2625 | 50 401 160 553 557 428 476 . Lost Part 120 | . . . 50 70 . . . Lost Ally 190 | . 10 . 40 . 140 . . Purge Threat 150 | . . . 150 . . . . Squads Dispatched 11 | . 1 . 2 3 5 . . Investigation 1 | . . . 1 . . . . Extermination . | . . . . . . . . Reinforcement 7 | . 1 . 1 3 2 . . Assault 2 | . . . . . 2 . . Garrison 1 | . . . . . 1 . . Intercept . | . . . . . . . . Searches Triggered . | . . . . . . . . Construction Impeded . | . . . . . . . . Haulers Reinforced . | . . . . . . . . Active Scanning Responses . | . . . . . . . . Cargo Convoy Interrupts . | . . . . . . . . Stealth | -11 -10 -10 -9 -8 -8 -8 -8 --------- Run | Yrd Mat Min Mat Mat Sto Rec Scr Distress Signals 14 | . 2 . 4 6 2 . . Communications Jammed . | . . . . . . . . Distress Signals . | . . . . . . . . Times Spotted 153 | . 20 7 36 48 14 1 27 Peak Tracking Total 6 | . 6 3 6 5 3 1 5 Tactical Retreats 12 | . . 1 1 10 . . . Traps | -11 -10 -10 -9 -8 -8 -8 -8 ------- Run | Yrd Mat Min Mat Mat Sto Rec Scr Traps Triggered 5 | . . . 1 . 4 . . Indirectly . | . . . . . . . . Trap Hack Attempts . | . . . . . . . . Triggered . | . . . . . . . . Disarmed . | . . . . . . . . Reprogrammed . | . . . . . . . . Reused . | . . . . . . . . Traps Extracted . | . . . . . . . . Installed . | . . . . . . . . Triggered . | . . . . . . . . Machines | -11 -10 -10 -9 -8 -8 -8 -8 ---------- Run | Yrd Mat Min Mat Mat Sto Rec Scr Machines Disabled 10 | . 1 . 3 2 3 . 1 Max in Single Turn 1 | . 1 . 1 1 1 . 1 Garrison Access 1 | . . . . . 1 . . Machines Repaired . | . . . . . . . . Machines Dismantled . | . . . . . . . . Machines Sabotaged . | . . . . . . . . Overloaded Fab Kills . | . . . . . . . . Hacking | -11 -10 -10 -9 -8 -8 -8 -8 --------- Run | Yrd Mat Min Mat Mat Sto Rec Scr Machines Accessed 44 | . 6 . 10 8 3 14 3 Terminals 29 | . 6 . 8 7 2 6 . Fabricators . | . . . . . . . . Repair Stations . | . . . . . . . . Recycling Units 10 | . . . 1 . 1 8 . Scanalyzers 2 | . . . 1 1 . . . Garrison Access . | . . . . . . . . Total Hacks 126 | . 13 . 24 18 5 37 29 Successful 94 | . 8 . 13 10 4 30 29 Failed 30 | . 5 . 10 7 1 7 . Catastrophic 1 | . . . 1 . . . . Database Lockouts 2 | . . . 1 1 . . . Manual 69 | . 14 . 15 14 6 20 . Terminals 71 | . 13 . 20 16 4 18 . Fabricators . | . . . . . . . . Repair Stations . | . . . . . . . . Recycling Units 22 | . . . 2 . 1 19 . Scanalyzers 4 | . . . 2 2 . . . Garrison Access . | . . . . . . . . Terminal Hacks 40 | . . . 3 3 . 5 29 Record 23 | . . . . . . . 23 Robot Analysis 6 | . . . . . . . 6 Branch Access Points 2 | . . . 1 1 . . . Terminal Index 1 | . . . . 1 . . . Unreport Threat 1 | . . . 1 . . . . Dispatch Records 1 | . . . . . . 1 . Transport Status 1 | . . . . . . 1 . Registered Components 2 | . . . 1 . . 1 . Registered Prototypes 1 | . . . . . . 1 . Zone Layout 2 | . . . . 1 . 1 . Fabricator Hacks . | . . . . . . . . Repair Station Hacks . | . . . . . . . . Recycling Unit Hacks 11 | . . . 1 . 1 9 . Retrieve Components 11 | . . . 1 . 1 9 . Scanalyzer 2 | . . . 1 1 . . . Retrieve Study 2 | . . . 1 1 . . . Garrison Access Hacks . | . . . . . . . . Unauthorized Hacks 41 | . 8 . 8 6 3 16 . Terminals 33 | . 8 . 8 6 3 8 . Assimilate 1 | . 1 . . . . . . Botnet 9 | . 2 . 2 1 1 3 . Skim 23 | . 5 . 6 5 2 5 . Fabricators . | . . . . . . . . Repair Stations . | . . . . . . . . Recycling Units 8 | . . . . . . 8 . Tunnel 8 | . . . . . . 8 . Scanalyzers . | . . . . . . . . Garrison Access . | . . . . . . . . Data Cores Recovered . | . . . . . . . . Used . | . . . . . . . . Hacking Detections 29 | . 6 . 9 6 3 5 . Full Trace Events 1 | . . . . 1 . . . Feedback Events . | . . . . . . . . Feedback Blocked . | . . . . . . . . Robot Schematics Acquired . | . . . . . . . . Robots Built . | . . . . . . . . Authchips . | . . . . . . . . Time . | . . . . . . . . Total Robot Build Rating . | . . . . . . . . Part Schematics Acquired . | . . . . . . . . Parts Built . | . . . . . . . . Authchips . | . . . . . . . . Time . | . . . . . . . . Total Part Build Rating . | . . . . . . . . Part Studies Acquired 2 | . . . 1 1 . . . Parts Repaired . | . . . . . . . . Time . | . . . . . . . . Parts Recycled . | . . . . . . . . Recycled Matter . | . . . . . . . . Retrieved Matter . | . . . . . . . . Retrieved Components 21 | . . . 1 . 4 16 . Parts Scanalyzed . | . . . . . . . . Part Schematics Acquired . | . . . . . . . . Parts Damaged . | . . . . . . . . Bothacking | -11 -10 -10 -9 -8 -8 -8 -8 ------------ Run | Yrd Mat Min Mat Mat Sto Rec Scr Used RIF Installer . | . . . . . . . . Robots Hacked . | . . . . . . . . Non-combat . | . . . . . . . . Combat . | . . . . . . . . Robot Hacks Applied . | . . . . . . . . Relay Couplers Released 2 | . . . . . 2 . . Machine Destruction 2 | . . . . . 2 . . Fabnet Peak Effective % . | . . . . . . . . Robots Rewired . | . . . . . . . . Allies Hacked . | . . . . . . . . Hacks Repelled . | . . . . . . . . Allies | -11 -10 -10 -9 -8 -8 -8 -8 -------- Run | Yrd Mat Min Mat Mat Sto Rec Scr Total Allies 14 | . 1 3 . . 10 . . Largest Group 10 | . 1 3 3 . 10 2 2 Highest-Rated Group 173 | . 10 40 40 . 173 45 45 Highest-Rated Ally 29 | . 10 16 16 . 29 29 29 Total Orders 2 | . . . . . . . 2 STAY 1 | . . . . . . . 1 FOLLOW 1 | . . . . . . . 1 Ally Attacks 154 | . . . 38 . 103 . 13 Total Damage 1812 | . . . 473 . 1149 . 190 Kills 27 | . . . 10 . 14 . 3 Allies Corrupted . | . . . . . . . . Allies Melted 2 | . . . . . . . 2 Intel | -11 -10 -10 -9 -8 -8 -8 -8 ------- Run | Yrd Mat Min Mat Mat Sto Rec Scr Active Infowar (turns) 289 | 133 76 . . . . . 80 Optics 80 | . . . . . . . 80 Terrain 2 | . 2 . . . . . . Seismic 207 | 133 74 . . . . . . Robot Analysis Total 6 | . . . . . . . 6 Derelict Logs Recovered 1 | . . 1 . . . . . Drone Launches . | . . . . . . . . Drone Recoveries . | . . . . . . . . Exploration | -11 -10 -10 -9 -8 -8 -8 -8 ------------- Run | Yrd Mat Min Mat Mat Sto Rec Scr Turns Passed 13779 | 457 1297 855 2146 2315 1052 1561 4096 Spaces Moved 5924 | 247 472 503 835 809 379 623 2056 Core 142 | 17 . . . . . . 125 Treads 5782 | 230 472 503 835 809 379 623 1931 Legs . | . . . . . . . . Wheels . | . . . . . . . . Hover . | . . . . . . . . Flight . | . . . . . . . . Fastest Speed 50 | 50 160 160 160 216 216 225 100 Average Speed 191 | 152 160 160 224 226 223 225 168 Slowest Speed 320 | 160 160 160 320 312 233 225 242 Overloaded Moves . | . . . . . . . . Propulsion Burnouts . | . . . . . . . . Robots Hopped . | . . . . . . . . Potential Cave-ins . | . . . . . . . . Cave-ins Triggered . | . . . . . . . . Exploration Rate (%) 66 | 11 71 93 67 57 48 99 84 Regions Visited 7 Branch Regions 4 Pre-discovered Areas 24 | . 1 . 2 4 . 11 6 Known Exits Taken 3 | . . 1 1 1 . . . Unknown Exits Taken 4 | 1 1 . . . 1 1 . Scrap Searched 8 | . . 3 . . . . 5 Spaces Dug 1 | . . . 1 . . . . Terrain Destroyed 39 | . 7 . 3 6 7 1 15 Melee . | . . . . . . . . Projectile 35 | . 7 . 3 2 7 1 15 AOE 4 | . . . . 4 . . . Terrain Rammed . | . . . . . . . . Walls Destroyed . | . . . . . . . . Machines Disabled . | . . . . . . . . Actions | -11 -10 -10 -9 -8 -8 -8 -8 --------- Run | Yrd Mat Min Mat Mat Sto Rec Scr Total 7801 | 289 934 531 1022 1077 550 777 2621 Wait 1159 | 6 385 18 62 71 116 136 365 Move 5917 | 246 471 502 834 808 378 622 2056 Hop . | . . . . . . . . Pick Up 169 | 11 20 . 34 24 9 6 65 Fast Attach 21 | 1 . . 4 7 5 . 4 Attach 51 | 6 4 . 9 15 . 2 15 Detach 3 | . . . 2 . . . 1 Swap 35 | . 2 . 7 4 4 2 16 Drop 132 | . 10 . 21 25 14 5 57 Fire 309 | 19 42 11 49 122 20 4 42 Melee . | . . . . . . . . Ram . | . . . . . . . . Kick . | . . . . . . . . Crush 1 | . . . . 1 . . . Escape Stasis 4 | . . . . . 4 . . Rewire . | . . . . . . . . Trap . | . . . . . . . . Miscellaneous . | . . . . . . . . Route ------- -11/Scrapyard -10/Materials (discovered 6 exits: *Mat x3 / [*Min x2] / Sub) -10/Mines (discovered 4 exits: *Mat x2 / Exi / Sub) -9/Materials (discovered 5 exits: *Mat x3 / *Min x2) -8/Materials (discovered 4 exits: *Fac x3 / *Sto) -8/Storage -8/Recycling (discovered 2 exits: *Fac / *Scr) -8/Scraptown (discovered 2 exits: *Fac x2) History --------- Turn | Location | Event 70 | -11/Scrapyard | Discovered new exit (range 12) 458 | -11/Scrapyard | Entered Materials 459 | -10/Materials | Build established: Mutant 851 | -10/Materials | Discovered new exit (range 9) 934 | -10/Materials | Discovered new exit (range 8) 934 | -10/Materials | Discovered new exit (range 5) 1095 | -10/Materials | Discovered new exit (range 11) 1343 | -10/Materials | Identified exit to Materials 1413 | -10/Materials | Learned 2 Storage zone layouts 1471 | -10/Materials | Learned location of 2 exits from Mines 1518 | -10/Materials | Learned location of 2 exits from Mines 1553 | -10/Materials | Identified exit to Subcaves 1553 | -10/Materials | Learned location of 1 exit from Materials 1618 | -10/Materials | Learned location of Mines (-9) 1755 | -10/Materials | Entered Mines 1757 | -10/Mines | Identified exit to Exiles 1828 | -10/Mines | Received a Rocket Launcher from a helpful Derelict 2124 | -10/Mines | Learned location of 1 exit from Materials 2296 | -10/Mines | Assisted by bots powering up and referring to "LRC-V3" 2610 | -10/Mines | Entered Materials 2610 | -9/Materials | Accompanied by 3 allies 2610 | -9/Materials | Evolved 2 slots: Utility x2 2611 | -9/Materials | Identified exit to Mines 3056 | -9/Materials | Discovered new exit (range 6) 3232 | -9/Materials | Central database locked down 3333 | -9/Materials | Learned location of Storage (-8) 3384 | -9/Materials | Learned Storage stockpile data 3423 | -9/Materials | Learned location of 3 exits from Materials 3429 | -9/Materials | Lost 3 parts (1n2w) 3578 | -9/Materials | Identified exit to Materials 4756 | -9/Materials | Entered another Materials area 4756 | -8/Materials | Evolved 2 slots: Propulsion x1, Utility x1 4757 | -8/Materials | Identified exit to Storage 4757 | -8/Materials | Identified exit to Factory 5701 | -8/Materials | Discovered exit to Factory (range 15) 5742 | -8/Materials | Central database locked down 6649 | -8/Materials | Learned Factory stockpile data 6709 | -8/Materials | Learned location of Extension (-4) 6761 | -8/Materials | Learned Factory emergency access door positions 6801 | -8/Materials | Learned Storage terminal intel 6830 | -8/Materials | Learned location of 1 exit from Lower Caves 6844 | -8/Materials | Lost 4 parts (2u2w) 6845 | -8/Materials | Core integrity fell below 50% 6849 | -8/Materials | Learned location of Recycling (-8) 6878 | -8/Materials | Learned location of Zion (-6) 6919 | -8/Materials | Learned location of 1 exit from Lower Caves 6927 | -8/Materials | Found Corrupted Prototype Device 6968 | -8/Materials | Learned 4 Factory zone layouts 7071 | -8/Materials | Entered Storage 7074 | -8/Storage | Loaded intel: 12 terminal locations 7209 | -8/Storage | Assisted by bots powering up and referring to "LRC-V3" 7304 | -8/Storage | Lost 5 allies 7496 | -8/Storage | Build established: Commander-Mutant 7654 | -8/Storage | Used back door to open Recycling access 7654 | -8/Storage | Discovered new exit (range 5) 7968 | -8/Storage | Garrison activated, responded to threat 8123 | -8/Storage | Entered Recycling 8123 | -8/Recycling | Accompanied by 2 allies 8256 | -8/Recycling | Build established: Mutant 8543 | -8/Recycling | Discovered new exit (range 11) 9383 | -8/Recycling | Learned Factory security intel 9496 | -8/Recycling | Learned location of 2 exits from Lower Caves 9497 | -8/Recycling | Scanned before Scraplab entrance 9534 | -8/Recycling | Entered Scraplab 9539 | -8/Recycling | Learned 2 Lower Caves zone layouts 9552 | -8/Recycling | Discovered new exit (range 2) 9684 | -8/Recycling | Entered Scraptown 9684 | -8/Scraptown | Accompanied by 2 allies 9769 | -8/Scraptown | Visited Comm Corps 9802 | -8/Scraptown | Visited Symbiants 9836 | -8/Scraptown | Visited Fellowship of the Rings 9879 | -8/Scraptown | Visited Cave Peace 9892 | -8/Scraptown | Visited Junk Repository 9978 | -8/Scraptown | Visited IN-MT5's Study 10009 | -8/Scraptown | Visited The Evicted 10147 | -8/Scraptown | Visited UFD Registry 10163 | -8/Scraptown | Registered with UFD as "Steamnuts" 10195 | -8/Scraptown | Visited Infowarlord's Domain 10215 | -8/Scraptown | Visited Analyses Database 10256 | -8/Scraptown | Visited Scrapoid Pod Storage 10290 | -8/Scraptown | Visited Supply Room 10309 | -8/Scraptown | Visited Scrap Suit Storage 10322 | -8/Scraptown | Visited Modified Component R&D 10369 | -8/Scraptown | Visited Abandonware Association 10383 | -8/Scraptown | Learned abandonware demo "SHUTEYE.EXE" 10383 | -8/Scraptown | Learned abandonware demo "KABOOM.EXE" 10386 | -8/Scraptown | Learned abandonware demo "OVRCLOCK.EXE" 10422 | -8/Scraptown | Visited A0-MCA Data Center 10447 | -8/Scraptown | Visited Cartography Club 10800 | -8/Scraptown | Found Scrap Suit 10803 | -8/Scraptown | Found Scrap Suit 10984 | -8/Scraptown | Found Surveybot 17 Chip 11104 | -8/Scraptown | Build established: Scrapper 11505 | -8/Scraptown | Discovered new exit (range 11) 12009 | -8/Scraptown | Learned location of Proximity Caves (-5) 12009 | -8/Scraptown | Learned location of Warlord (-5) 12009 | -8/Scraptown | Learned 8 Materials zone layouts 12009 | -8/Scraptown | Learned 8 Research zone layouts 12009 | -8/Scraptown | Learned 4 Storage zone layouts 12009 | -8/Scraptown | Learned 20 Upper Caves zone layouts 12009 | -8/Scraptown | Learned 20 Lower Caves zone layouts 12009 | -8/Scraptown | Learned 16 Proximity Caves zone layouts 12009 | -8/Scraptown | Learned 4 Hub_04(d) zone layouts 12009 | -8/Scraptown | Learned 4 Armory zone layouts 12009 | -8/Scraptown | Learned Research emergency access door positions 12009 | -8/Scraptown | Learned location of 1 exit from Proximity Caves 12009 | -8/Scraptown | Learned location of 3 exits from Proximity Caves 12033 | -8/Scraptown | Found Deep Structural Scanner 12171 | -8/Scraptown | Found Exp. Sensor Array 12624 | -8/Scraptown | Found Scrapoid Pod 12762 | -8/Scraptown | Given a B rating by A0-MCA 12769 | -8/Scraptown | Found A0-MCA's Component Scanner 12980 | -8/Scraptown | Met Optimus 12980 | -8/Scraptown | Accepted into 0bPrime 13380 | -8/Scraptown | Civil war broke out across Scraptown 13394 | -8/Scraptown | Found PL-3XN's Ring of Power 13476 | -8/Scraptown | Identified exit to Factory 13540 | -8/Scraptown | Optimus destroyed in the chaos of civil war 13617 | -8/Scraptown | Lost 26 allies 13649 | -8/Scraptown | Found Active Sensor Suite 13758 | -8/Scraptown | Core integrity fell below 20% 13780 | -8/Scraptown | Destroyed by S0-NRS(g) with Salvaging Laser Last Messages --------------- 13767_ Adv. Treads destroyed. 13768_ Acquired 1 matter. 13768_ Acquired 14 matter. 13768_ V6-XFF(j) heat damages Ovr. Pulse Rifle. 13769_ Acquired 14 matter. 13770_ Acquired 5 matter. 13771_ Acquired Imp. Heat Sink. 13772_ Acquired 5 matter. 13773_ Acquired 14 matter. 13773_ Acquired 1 matter. 13773_ Ovr. Coil Gun suddenly begins malfunctioning. 13773_ Imp. Heat Sink destroyed. 13773_ Critical hit (Burn: +50). 13774_ Acquired 5 matter. 13774_ T5-U3C(j) heat short circuits Scrap Suit. 13775_ Acquired 5 matter. 13775_ Hpw. Tractor Beam destroyed. 13776_ T5-U3C(j) switches sides. 13776_ S6-16F(j) destroyed. 13776_ Helical Railgun destroyed. Map ----- +----------------------------------------------------+ | # ### " ""#?#" """#??????????????????????? | | " """ "#?#"""""""#???????????############ | | """ " ""#?#########???????????# # # | | " """"""""#????????????????????##### # # ## | | ##"""####????????????????????# ##### # | | "" " #?####???????????????????????# # # # | | " #?????????????#########??????# # ## #### # | | """"" #?????????????# #??????# # # # # | | ##### #?????????????# "" "" #??????# ####X# # | | ????# #??############ ""X"" #??????# ## #### # # | | ##### #??#[ #* /#*!# "" " #??????# # # | | #??# # = #]=## "" #??????###### ###### | | #??#!!#= ;!=## %[ ##?????# | | ##### #??#==!!![[%!## ####??# | | ???# #??#==!!%%%![; % # #??########## ## | | ??### ##########=#;;;; ;;;;#;;;;#???????##### ## | | ??# !%= ! *=%=! =** #???????#""""="" | | ### ! !% =%!!!!*=!!!=! = #???????#"%!!! | | " # ! =!g!p[!!= =%[ #???????#"=!*! | | " ![%*[=!% [ #???????#"![= ! | | " # !!%%j=[ [ #???????#"]![! | | # ##############===%[!= %* #???#####"!%||! | | ?# #????????????##!/= = #???#"""" =%*%" | | ?# #????????????# !%!* #???#"""" !%/ " | | ??# #????????????## =*! =*#???#"""" =!= " | | ??# #?????????????##%@%= [%#???#"""" [=% | | ??# #??????????????#*!=*j%!%=!#???#"""" **= " | | ??# #?????##########=[/%[ %* ###?#"""" %%! " | | ??# #?????# ;=%!=[ #"#""""=!!!= " | | #?# #?????# # *!! * """"#""""%!=[%!" | | "?# #?????# * ;=== !% "#######"=%== | | ""# #?????# / != %& ! #;#?????#"!*!=[% | | # #?????# ! =;=%!%= #########%*=!= * | | #?????# [[[[=[!! ! ==[[!%[% | | # #?????# =[!#* ! * = *!=%=%!* = | | " # #?????# =!! [!! ]!%%[ =!*!=* | | ?# #?????# !%[ #%[= = ! = = | | "?# #######"########%!%[ *TT !%!! | | ??# ! [=%!=![![*TT= *%% | | ??# !% =%/%[!%=!%!%!! = %! | | ??# =![& * =![!=![===!!= % ! | | ??# [= !%[ [ %[[[ !* | | ### %=%! * !%== [%= | | =![ !!= = =[&*[ #""""#" | | %[!!=/%/%=[=[%! ! #????#" ! | | !%/%!%[[%=%==!*= #????#""""""[ | | ############ ###=#######""[=!=[%=!####????####### | | #????????? ???????? =!% %!![ #???????????# | | #??????? "#??????? % % !"! #???????????# | | #??????#####" "#????? " "???????????# | +----------------------------------------------------+ Best States ------------- Heat Dissipation 45 Energy Generation 29 Energy Capacity 340 Matter Stores 300 Matter Capacity 300 Sight Range 22 Terrain Scan Range 16 Terrain Scan Density 10 Armor Coverage 600 Resistance: EM 15 Evasion (%) 50 Targeting Accuracy 24 Recoil Reduction 3 Offensive Hacking 10 Authchip Count 3 Item Schematics ----------------- None Robot Schematics ------------------ None Fabricated ------------ Nothing Repaired ---------- Nothing Studied --------- Imp. Light Cannon | -9/Materials | Hacked Lgt. Treads | -8/Materials | Hacked Alien Tech Used ----------------- None Achievements -------------- None Challenges ------------ None Game ------ Seed SurveybotRecoilMatrix Manual? 0 Play Time 01:19:21 Cumulative 628.4 hours Start 2025.12.26 @ 08:45:03 End 2025.12.26 @ 10:26:20 Sessions 1 Manual Loads 0 Difficulty Rogue Special Mode None Game No. 797 Rogue 797 Adventurer 0 Explorer 0 Win Type - Total 23 Types 10/1/3/3/2/0/2/2/0/0 Lore% 96 Gallery% 92 Achievement% 80 Wizard Run 0 Options --------- Layout 0 ASCII 0 Keyboard 0 Movement Mouse Keybinds 0 Fullscreen 1 Font 24/Terminus Map View 76x50 Zoom Use 0% Tactical HUD 1 Map Filters NONE Filters NONE Steam 1 RUN: dd88da3b-8687-4821-99d5-c0885aed2ed2